 Dungeon Crawl Stone Soup version 0.29-a0-559-g359e09b9d1 (webtiles) character file.

Game seed: 7855899717570261665

30 vulpzor the Chucker (level 3, -1/25 HPs)
             Began as a Gnoll Wanderer on June 10, 2022.
             Was a Follower of Vehumet.
             Succumbed to an adder's poison
             ... on level 2 of the Dungeon.
             The game lasted 00:06:50 (1742 turns).

vulpzor the Chucker (Gnoll Wanderer)                Turns: 1742, Time: 00:06:51

Health: -1/25      AC:  5    Str:  9    XL:     3   Next: 18%
Magic:  0/7        EV: 12    Int: 14    God:    Vehumet [*.....]
Gold:   83         SH:  0    Dex: 12    Spells: 4/7 levels left

rFire   . . .      SeeInvis .   a - +0 dagger
rCold   . . .      Faith    .   (no shield)
rNeg    . . .      Spirit   +   d - +0 robe
rPois   .          Reflect  .   f - +2 helmet
rElec   .          Harm     .   (no cloak)
rCorr   .          Rampage  .   (no gloves)
Will    .....                   (no boots)
Stlth   +.........              h - amulet of guardian spirit
HPRegen 0.08/turn               (no ring)
MPRegen 0.10/turn               (no ring)

@: lethally poisoned (-1 -> -6)
A: fangs 1, strong nose, distributed training
a: Renounce Religion


You were on level 2 of the Dungeon.
You worshipped Vehumet.
Vehumet was aware of your devotion.
You visited 1 branch of the dungeon, and saw 2 of its levels.

You collected 83 gold pieces.

Inventory:

Hand Weapons
 a - a +0 dagger (weapon)
Missiles
 b - 11 poisoned darts
Armour
 d - a +0 robe (worn)
 f - a +2 helmet (worn)
Jewellery
 h - an amulet of guardian spirit (around neck)
 i - a +6 ring of intelligence
Scrolls
 j - 2 scrolls of noise {unknown}
Potions
 g - 2 potions of resistance {unknown}
 k - a potion of might {unknown}


   Skills:
 + Level 0.6 Fighting
 + Level 0.6 Short Blades
 + Level 0.6 Long Blades
 + Level 0.6 Axes
 + Level 0.6 Maces & Flails
 + Level 0.6 Polearms
 + Level 0.6 Staves
 + Level 0.6 Slings
 + Level 0.6 Bows
 + Level 0.6 Crossbows
 + Level 6.5 Throwing
 + Level 0.6 Armour
 + Level 2.5 Dodging
 + Level 0.6 Stealth
 + Level 0.6 Shields
 + Level 0.6 Unarmed Combat
 + Level 2.8 Spellcasting
 + Level 0.4 Conjurations
 + Level 0.4 Hexes
 + Level 0.4 Summonings
 + Level 0.4 Necromancy
 + Level 0.4 Translocations
 + Level 2.1 Transmutations
 + Level 5.4 Fire Magic
 + Level 0.4 Ice Magic
 + Level 0.4 Air Magic
 + Level 0.4 Earth Magic
 + Level 0.4 Poison Magic
 + Level 0.8 Invocations
 + Level 2.5 Evocations


You had 4 spell levels left.
You knew the following spells:

 Your Spells              Type           Power      Damage    Failure   Level
b - Shock                 Conj/Air       12%        1d3       19%         1
c - Passwall              Tmut/Erth      4%         N/A       21%         2

Your spell library contained the following spells:

 Spells                   Type           Power      Damage    Failure   Level
 Foxfire                  Conj/Fire      40%        2x1d6     7%          1
 Wereblood                Tmut           7%         N/A       14%         2
 Inner Flame              Hex/Fire       10%        N/A       21%         3
 Confusing Touch          Hex            3%         N/A       47%         3
 Sticky Flame             Conj/Fire      10%        2d3       54%         4
 Yara's Violent Unravell  Hex/Tmut       2%         3d3       98%         5
 Enfeeble                 Hex            1%         N/A       100%        7


Dungeon Overview and Level Annotations

Branches:
Dungeon (2/15)

Altars:
Vehumet


Innate Abilities, Weirdness & Mutations

You have very sharp teeth.
Your uncanny sense of smell can sniff out nearby items.
Your experience applies equally to all skills.


Message History

The adder bites you but does no damage.
You hit the adder.
The adder is lightly wounded.
The adder bites you. x2
You hit the adder. You bite the adder, but do no damage.
The adder is moderately wounded.
The adder closely misses you.
You hit the adder.
The adder is moderately wounded.
The adder bites you.
You are poisoned.
The adder poisons you!
Your magical contamination has completely faded away.
You miss the adder.
The adder is moderately wounded.
You feel sick. The adder bites you but does no damage.
You hit the adder.
The adder is heavily wounded.
You feel sick. The adder closely misses you.
You hit the adder.
The adder is heavily wounded.
You feel sick. The adder closely misses you. x2
You miss the adder.
The adder is heavily wounded.
You feel sick. The adder misses you.
You hit the adder. Your bite misses the adder.
The adder is severely wounded.
You feel sick. The adder bites you.
* * * LOW HITPOINT WARNING * * *
You barely miss the adder. Your punch misses the adder.
The adder is severely wounded.
You feel sick.
You are no longer poisoned.
The adder bites you.
* * * LOW HITPOINT WARNING * * *
You are lethally poisoned!
The adder poisons you!
You hit the adder but do no damage.
The adder is severely wounded.
You die...

######
#...##.#<#........#
#...##.#.#.#.######
#....#.#...#.#
#....#.#####.#
#....#.#.. #.#
#....#.#.# #.#
#....'.#.# #.#
###....###.#.#<#
#.....@S.....#
#.##########.# #. #


You could see an adder.

Vanquished Creatures
  2 dart slugs
  4 ball pythons (D:1)
  3 endoplasms (D:2)
  A giant cockroach (D:1)
  2 goblins
  2 kobolds
  2 quokkas (D:1)
  3 bats (D:1)
  A frilled lizard (D:1)
  5 rats
25 creatures vanquished.

Vanquished Creatures (collateral kills)
  A foxfire (D:1)
1 creature vanquished.

Vanquished Creatures (others)
  17 foxfires (D:1)
17 creatures vanquished.

Grand Total: 43 creatures vanquished

Notes
Turn   | Place    | Note
-------+----------+-------------------------------------------
     0 | D:1      | vulpzor the Gnoll Wanderer began the quest for the Orb.
     0 | D:1      | vulpzor set off with the following items: a +0 dagger, 12
                  | poisoned darts, a scroll of teleportation, a +0 robe; and
                  | the following spell memorised: Foxfire; and the following
                  | spells available to memorise: Wereblood, Passwall, Inner
                  | Flame, Sticky Flame
     0 | D:1      | Reached XP level 1. HP: 13/13 MP: 4/4
   167 | D:1      | Reached XP level 2. HP: 18/19 MP: 1/5
   782 | D:1      | Found a faded altar of an unknown god.
   786 | D:1      | Prayed at the altar of an unknown god.
   786 | D:1      | Became a worshipper of Vehumet
   786 | D:1      | Reached * piety under Vehumet
   786 | D:1      | Offered knowledge of Shock by Vehumet.
   789 | D:1      | Learned a level 1 spell: Shock
   792 | D:1      | Learned a level 2 spell: Passwall
  1193 | D:2      | Reached XP level 3. HP: 18/25 MP: 1/7
  1418 | D:2      | HP: 1/25 [worm (9)]
  1741 | D:2      | HP: 1/25 [adder (1)]
  1742 | D:2      | Succumbed to an adder's poison

Illustrated notes

Levels and vault maps discovered:
D:1:      erik_arrival_orb_chamber, layout_rooms, serial_forest,
          infiniplex_forest_clump_large, infiniplex_forest_side_room,
          infiniplex_forest_lined_2, infiniplex_forest_corner_1,
          infiniplex_forest_straight_4, infiniplex_forest_lined_room_,
          infiniplex_forest_lined_2, nicolae_ecumenical_lake_church
D:2:      layout_basic

Skill      XL: |  1 |
---------------+----+-----
Transmutations | 2 |  2.1
Fighting       | |  0.6
Short Blades   | |  0.6
Long Blades    | |  0.6
Axes           | |  0.6
Maces & Flails | |  0.6
Polearms       | |  0.6
Staves         | |  0.6
Slings         | |  0.6
Bows           | |  0.6
Crossbows      | |  0.6
Throwing       | |  6.5
Armour         | |  0.6
Dodging        | |  2.5
Stealth        | |  0.6
Shields        | |  0.6
Unarmed Combat | |  0.6
Spellcasting   | |  2.8
Conjurations   | |  0.4
Hexes          | |  0.4
Summonings     | |  0.4
Necromancy     | |  0.4
Translocations | |  0.4
Fire Magic     | |  5.4
Ice Magic      | |  0.4
Air Magic      | |  0.4
Earth Magic    | |  0.4
Poison Magic   | |  0.4
Invocations    | |  0.8
Evocations     | |  2.5

Action                   || total
-------------------------++-------
Melee: Dagger            ||   107
       Bite              ||    13
       Punch             ||     2
Throw: Dart              ||     6
 Cast: Foxfire           ||    12
       Shock             ||    26
  Use: Scroll            ||     2
Armor: Robe              ||    27
Dodge: Dodged            ||    67

Table legend: (Time is in decaauts)
 A = Elapsed time spent in this place.
 B = Non-inter-level travel time spent in this place.
 C = Inter-level travel time spent in this place.
 D = Time resting spent in this place.
 E = Time spent auto-exploring this place.
 F = Levels seen in this place.
 G = Mean time per level.
                   A        B        C        D        E       F      G
               +--------+--------+--------+--------+--------+-----+--------+
         Total |   1738 |   1738 |      0 |    284 |    985 |   2 |  869.0 |
       Dungeon |   1738 |   1738 |      0 |    284 |    985 |   2 |  869.0 |
               +--------+--------+--------+--------+--------+-----+--------+

Top non-repeatable levels by time:
     D:1: 1031 daAuts
     D:2: 706 daAuts
